 Dungeon Crawl Stone Soup version 0.31-a0-1447-g87ca8d402b (webtiles) character file.

Game seed: 2158876181802632614

149 Aldia the Trooper (level 5, -2/54 HPs)
             Began as an Oni Warper on Dec 27, 2023.
             Slain by an orc
             ... wielding a +0 war axe
              (9 damage)
             ... on level 3 of the Dungeon.
             The game lasted 00:03:31 (2119 turns).

Aldia the Trooper (Oni Warper)                      Turns: 2119, Time: 00:03:32

Health: -2/54      AC:  3    Str: 17    XL:     5   Next: 31%
Magic:  8/8        EV:  9    Int: 14    God:
Gold:   139        SH:  0    Dex:  8    Spells: 7/9 levels left

rFire   . . .        a - +0 mace
rCold   . . .        (no shield)
rNeg    . . .        b - +0 robe
rPois   .            (helmet restricted)
rElec   .            (no cloak)
rCorr   .            (gloves unavailable)
SInv    .            (boots unavailable)
Will    .....        (no amulet)
Stlth   +            (no ring)
HPRegen 0.29/turn    (no ring)
MPRegen 0.11/turn

%: no passive effects
@: mighty
A: large, unfitting armour, horns 1, tough skin 1, double potion healing,
drunken brawling
a: no special abilities


You were on level 3 of the Dungeon.
You visited 1 branch of the dungeon, and saw 3 of its levels.

You collected 139 gold pieces.

Inventory:

Hand Weapons
 a - a +0 mace (weapon)
Missiles
 d - 7 darts of dispersal (quivered)
 i - 3 poisoned darts
Armour
 b - a +0 robe (worn)
Scrolls
 c - a scroll of blinking
 f - 2 scrolls of noise {unknown}
 k - a scroll of enchant weapon {unknown}
 l - a scroll of teleportation {unknown}
 m - a scroll of poison {unknown}
 n - a scroll of brand weapon {unknown}
 o - a scroll of fear
 p - a scroll of vulnerability {unknown}
Potions
 e - a potion of attraction {unknown}
 g - a potion of degeneration {unknown}
 h - a potion of might
 j - a potion of haste {unknown}
 q - a potion of magic {unknown}
 r - 2 potions of curing {unknown}


   Skills:
 + Level 4.1 Fighting
 * Level 4.0 Maces & Flails
 - Level 1.0 Throwing
 - Level 2.1 Dodging
 - Level 2.5 Spellcasting
 + Level 3.4 Translocations


You had 7 spell levels left.
You knew the following spells:

 Your Spells              Type           Power      Damage    Failure   Level
a - Blink                 Tloc           22%        N/A       9%          2

Your spell library contained the following spells:

 Spells                   Type           Power      Damage    Failure   Level
 Lesser Beckoning         Tloc           22%        N/A       9%          2
 Teleport Other           Tloc           11%        N/A       16%         3
 Ensorcelled Hibernation  Hex/Ice        2%         N/A       34%         2
 Manifold Assault         Tloc           11%        N/A       47%         4
 Passage of Golubria      Tloc           11%        N/A       47%         4
 Passwall                 Erth           1%         N/A       56%         3
 Swiftness                Air            1%         N/A       56%         3
 Tukima's Dance           Hex            1%         N/A       56%         3
 Vhi's Electric Charge    Tloc/Air       12%        N/A       73%         4
 Yara's Violent Unravell  Hex/Alch       0%         3d3       99%         5


Dungeon Overview and Level Annotations

Branches:
Dungeon (3/15)

Altars:


Innate Abilities, Weirdness & Mutations

You are too large for most types of armour.
You have a pair of small horns on your head.
You have tough skin. (AC +1)
You gain doubled healing and magic from potions.
Whenever you drink a healing potion, you attack all around you.


Message History

You hit the orc wizard.
You kill the orc wizard!
You feel less confused.
You hear some strange, mumbled words.
A puff of flame appears from out of thin air!
The puff of flame hits you!
Your Fighting skill increases to level 4!
You have reached level 5!
You hear some strange, mumbled words.
You are confused.
Items here: )) [ †.
You miss something.
You hear some strange, mumbled words.
You are more confused.
You barely miss something. Something hits you but does no damage.
You closely miss something. Your headbutt misses something. Something hits you.
You hit something.
You hear some strange, mumbled words.
A magic dart appears from out of thin air!
The magic dart hits you! Something hits you.
You miss something. Something hits you.
* * * LOW HITPOINT WARNING * * *
You bump into the rock wall.
Something hits you.
* * * LOW HITPOINT WARNING * * *
It was a potion of might.
You feel very mighty all of a sudden. Something hits you.
* * * LOW HITPOINT WARNING * * *
You bump into the rock wall.
Something hits you.
* * * LOW HITPOINT WARNING * * *
You sock something!
Reactivating autopickup.
You feel a bit more experienced.
Your Maces & Flails skill increases to level 4!
You bump into the rock wall.
You feel less confused. The orc hits you with a +0 war axe.
* * * LOW HITPOINT WARNING * * *
You barely miss the orc. The orc hits you with a +0 war axe!
You die...

###############
#.............####
#.###########.....
#@# #.#### #o# #.#
#o# #######.###
#.# #.........#
#.# #.#####...##
#.# #......... #.#
#.###...## #..
.......# .##
#.####..#


You could see 2 orcs.

Vanquished Creatures
  A jelly (D:2)
  2 orc wizards (D:3)
  2 adders (D:2)
  A worm (D:2)
  2 orcs (D:3)
  3 endoplasms
  A giant cockroach (D:2)
  5 goblins
  5 hobgoblins
  4 jackals (D:1)
  5 quokkas
  3 ball pythons
  4 bats (D:1)
  3 frilled lizards
  3 kobolds
  A rat (D:1)
45 creatures vanquished.

Notes
Turn   | Place    | Note
-------+----------+-------------------------------------------
     0 | D:1      | Aldia the Oni Warper began the quest for the Orb.
     0 | D:1      | Reached XP level 1. HP: 22/22 MP: 3/3
   273 | D:1      | Reached XP level 2. HP: 27/29 MP: 5/5
   347 | D:1      | Learned a level 2 spell: Blink
   507 | D:1      | Found a faded altar of an unknown god.
   810 | D:1      | Reached XP level 3. HP: 35/37 MP: 6/6
   992 | D:2      | Identified the +10 dagger "Goblinbane" {freeze, rC+ Int+4}
  1515 | D:2      | Reached XP level 4. HP: 28/45 MP: 7/7
  1683 | D:2      | HP: 1/45 [acid (7)]
  2107 | D:3      | Reached XP level 5. HP: 28/54 MP: 8/8
  2119 | D:3      | Slain by an orc

Illustrated notes

Levels and vault maps discovered:
D:1:      scummos_arrival_hexagon, layout_basic,
          hellmonk_ecumenical_altar_heavens_door
D:2:      layout_loops_ring
D:3:      layout_loops_ring, kennysheep_nondescript

Skill      XL: |  1  2  3  4  5 |
---------------+----------------+-----
Fighting       | 3 4 |  4.1
Translocations | 3 |  3.4
Maces & Flails | 3 4 |  4.0
Throwing       | |  1.0
Dodging        | |  2.1
Spellcasting   | |  2.5

Action                     |  1- 3 |  4- 6 || total
---------------------------+-------+-------++-------
  Melee: Mace              |   130 |    39 ||   169
         Headbutt          |    11 |     6 ||    17
         Punch             |     1 |     1 ||     2
   Cast: Blink             |       |     1 ||     1
    Use: Scroll            |       |     1 ||     1
         Potion            |       |     1 ||     1
 Armour: Robe              |   124 |    34 ||   158
  Dodge: Dodged            |    65 |    10 ||    75

Table legend: (Time is in decaauts)
 A = Elapsed time spent in this place.
 B = Non-inter-level travel time spent in this place.
 C = Inter-level travel time spent in this place.
 D = Time resting spent in this place.
 E = Time spent auto-exploring this place.
 F = Levels seen in this place.
 G = Mean time per level.
                   A        B        C        D        E       F      G
               +--------+--------+--------+--------+--------+-----+--------+
         Total |   2162 |   2114 |     48 |      0 |   1717 |   3 |  720.7 |
       Dungeon |   2162 |   2114 |     48 |      0 |   1717 |   3 |  720.7 |
               +--------+--------+--------+--------+--------+-----+--------+

Top non-repeatable levels by time:
     D:2: 1007 daAuts
     D:1: 941 daAuts
     D:3: 213 daAuts
